 Dungeon Crawl Stone Soup version 0.21.1-1-g345015f (webtiles) character file.

1908 inc the Skirmisher (level 9, -1/62 HPs)
             Began as an Octopode Wizard on Apr 27, 2018.
             Was an Initiate of Gozag.
             Slain by a bullfrog skeleton (7 damage)
             ... on level 6 of the Dungeon.
             The game lasted 00:13:20 (7908 turns).

inc the Skirmisher (Octopode Wizard)                Turns: 7908, Time: 00:13:21

Health: -1/62      AC:  3    Str:  7      XL:     9   Next: 16%
Magic:  10/16      EV: 13    Int: 22 (23) God:    Gozag
Gold:   541        SH:  0    Dex:  8 (10) Spells: 10/18 levels left

rFire    . . .     SeeInvis .   f - +2 short sword (elec)
rCold    . . .     Gourm    .   (no shield)
rNeg     . . .     Faith    .   a - +2 hat
rPois    .         Spirit   .   (no amulet)
rElec    .         Reflect  .   (no ring)
rCorr    .         Harm     .   (no ring)
MR       .....                  (no ring)
Stlth    +++.......             (no ring)
HPRegen  0.20/turn              (no ring)
MPRegen  0.15/turn              (no ring)
                                (no ring)
                                (no ring)

@: gold aura
A: almost no armour, stealthy swim, amphibious, 8 rings, constrict 8, camouflage
1, gelatinous body 1
a: Potion Petition, Call Merchant, Bribe Branch, Renounce Religion


You were on level 6 of the Dungeon.
You worshipped Gozag.
Gozag was pleased with you.
You were not hungry.

You visited 2 branches of the dungeon, and saw 7 of its levels.

You collected 580 gold pieces.
You paid 39 gold pieces to Gozag.

Inventory:

Hand Weapons
 f - a +2 short sword of electrocution (weapon)
 i - a -2 mace
 n - a +0 whip of venom
Armour
 a - a +2 hat (worn)
Jewellery
 p - an uncursed amulet of guardian spirit
 s - an uncursed ring of stealth {unknown}
Wands
 k - a wand of polymorph (3)
Scrolls
 d - a scroll of remove curse
 l - a scroll of enchant weapon {unknown}
 m - 3 scrolls of enchant armour
 o - a scroll of teleportation {unknown}
 q - 2 scrolls of magic mapping
 u - a scroll of fog {unknown}
 v - a scroll of noise
Potions
 g - 2 potions of ambrosia
 h - a potion of brilliance {unknown}
 r - 2 potions of curing
Books
 b - a book of Minor Magic

   Spells                             Type                      Level
   a - Magic Dart                     Conjuration                  1
   b - Blink                          Translocation                2
   c - Call Imp                       Summoning                    2
   d - Slow                           Hexes                        2
   e - Conjure Flame                  Conjuration/Fire             3
   f - Mephitic Cloud                 Conjuration/Poison/Air       3
Comestibles
 c - 8 rations


   Skills:
 - Level 6.2 Fighting
 - Level 4.0 Short Blades
 - Level 2.0 Dodging
 - Level 2.6 Stealth
 - Level 5.2 Spellcasting
 - Level 4.4 Conjurations
 + Level 2.3 Summonings
 - Level 1.0 Translocations
 - Level 3.5 Air Magic
 - Level 4.2 Poison Magic


You had 10 spell levels left.
You knew the following spells:

 Your Spells              Type           Power        Failure   Level  Hunger
a - Magic Dart            Conj           ####         1%          1    None
b - Blink                 Tloc           N/A          10%         2    None
c - Call Imp              Summ           ###.....     5%          2    None
d - Mephitic Cloud        Conj/Pois/Air  ###.....     5%          3    ##.....


Dungeon Overview and Level Annotations

Branches:
Dungeon (6/15)             Temple (1/1) D:4

Altars:
Ashenzari
Cheibriados
Dithmenos
Elyvilon
Fedhas
Gozag
Hepliaklqana
Kikubaaqudgha
Nemelex Xobeh
Qazlal
Ru
Trog
Uskayaw
Vehumet
Wu Jian
Xom
Yredelemnul
Zin
The Shining One

Annotations:
D:5 elendilve's ghost, amateur NaVM


Innate Abilities, Weirdness & Mutations

You cannot wear most types of armour.
You are very stealthy in the water. (Stealth+)
You are amphibious.
You can wear up to eight rings at the same time.
You can use your tentacles to constrict eight enemies at once.
Your skin changes colour to match your surroundings (Stealth+).
Your rubbery body absorbs attacks. (AC +1, EV +1)


Message History

You are confused.
* * * LOW HITPOINT WARNING * * *
You hear a shout!
You feel better.
You are engulfed in noxious fumes.
* * * LOW HITPOINT WARNING * * *
The orc warrior is engulfed in noxious fumes.
The orc warrior appears confused.
You feel a bit more experienced.
Casting: Mephitic Cloud
Confirm with . or Enter, or press ? or * to list all spells.
You blink.
A bullfrog skeleton comes into view.
The orc priest invokes the aid of Beogh against you.
Pain shoots through your body!
* * * LOW HITPOINT WARNING * * *
Casting: Blink
Confirm with . or Enter, or press ? or * to list all spells.
You blink.
The bullfrog skeleton hits you!
You die...
Your body crumbles into a pile of gold.

#########
####.)....##..## ###
#####.#.##.##.#.. #..
..##.#.##.....## #.#
#.##.#.#####..##
#.#####§#....####.....
#.##§...o...........##
#.##.##.#...#####.#.#
#.##.##.###.### #.#...
#<..o@..#.....# #.#...
####Z####.....# #.....
#.# #.....# #..... ..#
#.....# #... . #.##
#.....# ##. #. #######
.. $ ..


You could see an orc warrior (confused) and a bullfrog skeleton.

Vanquished Creatures
  Edmund (D:5)
  The ghost of inc the Magician, an amateur OpCj of Gozag (D:4)
  A phantom (D:4)
  4 slaves (D:4)
  A bullfrog (D:6)
  A scorpion (D:4)
  2 howler monkeys
  3 crimson imps
  2 hounds
  2 orc priests
  A gnoll shaman (D:4)
  Natasha (thrice) (D:3)
  Terence (D:3)
  6 orc wizards
  7 worker ants
  11 gnolls
  11 adders
  2 oozes
  3 worms
  2 dart slugs (D:2)
  4 leopard geckos
  16 orcs
  2 ball pythons
  9 bats
  2 giant cockroaches (D:4)
  3 goblins
  6 hobgoblins
  7 jackals
  10 kobolds
  5 quokkas
  4 frilled lizards
  8 rats
141 creatures vanquished.

Vanquished Creatures (collateral kills)
  Pikel (D:4)
1 creature vanquished.

Grand Total: 142 creatures vanquished

Notes
Turn   | Place    | Note
-------+----------+-------------------------------------------
     0 | D:1      | inc the Octopode Wizard began the quest for the Orb.
     0 | D:1      | Reached XP level 1. HP: 11/11 MP: 4/4
   175 | D:1      | Reached XP level 2. HP: 17/17 MP: 4/6
   810 | D:2      | Reached XP level 3. HP: 13/21 MP: 0/7
   917 | D:2      | Learned a level 2 spell: Blink
  1447 | D:2      | Reached XP level 4. HP: 15/27 MP: 2/8
  2193 | D:3      | Reached XP level 5. HP: 29/31 MP: 7/9
  2199 | D:3      | Noticed Natasha
  2210 | D:3      | Killed Natasha
  2227 | D:3      | Found a snail-covered altar of Cheibriados.
  2236 | D:3      | Noticed Natasha
  2245 | D:3      | Killed Natasha
  2252 | D:3      | Noticed Terence
  2298 | D:3      | Noticed Natasha
  2312 | D:3      | Killed Terence
  2450 | D:3      | Killed Natasha
  2450 | D:3      | Reached XP level 6. HP: 36/36 MP: 12/12
  3061 | D:3      | Reached skill level 5 in Spellcasting
  3344 | D:3      | Found a basalt altar of Yredelemnul.
  3561 | D:4      | Noticed inc's ghost (amateur OpCj)
  3577 | D:4      | Found a staircase to the Ecumenical Temple.
  3585 | Temple   | Entered the Ecumenical Temple
  3637 | Temple   | Became a worshipper of Gozag Ym Sagoz the Greedy
  3900 | D:4      | Killed inc's ghost
  3900 | D:4      | Reached skill level 2 in Fighting
  3900 | D:4      | Reached XP level 7. HP: 22/45 MP: 10/14
  4110 | D:4      | Found a white marble altar of Elyvilon.
  4279 | D:4      | Noticed Pikel
  4352 | D:3      | Learned a level 2 spell: Call Imp
  4356 | D:3      | Learned a level 3 spell: Mephitic Cloud
  4738 | D:4      | Killed Pikel
  4738 | D:4      | Reached XP level 8. HP: 32/51 MP: 11/15
  4834 | D:4      | Reached skill level 3 in Fighting
  4953 | D:4      | Found a blossoming altar of Fedhas.
  5008 | D:4      | Reached skill level 4 in Fighting
  5399 | D:4      | Reached skill level 1 in Short Blades
  5701 | D:5      | Entered Level 5 of the Dungeon
  6071 | D:5      | Found a shadowy altar of Dithmenos.
  6137 | D:5      | Noticed elendilve's ghost (amateur NaVM)
  6139 | D:5      | Noticed Edmund
  6707 | D:4      | Reached skill level 5 in Fighting
  6789 | D:6      | Reached XP level 9. HP: 60/61 MP: 12/16
  6977 | D:6      | Reached skill level 6 in Fighting
  7300 | D:6      | HP: 3/62 [orc priest/divine providence (10)]
  7607 | D:5      | Killed Edmund
  7908 | D:6      | Slain by a bullfrog skeleton

Skill      XL: |  1  2  3  4  5  6  7  8  9 |
---------------+----------------------------+-----
Conjurations   | 2 3 4 |  4.4
Spellcasting   | 4 5 |  5.2
Fighting       | 2 5 6 |  6.2
Air Magic      | 3 |  3.5
Poison Magic   | 4 |  4.2
Short Blades   | 4 |  4.0
Summonings     | 2 |  2.3
Dodging        | |  2.0
Stealth        | |  2.6
Translocations | |  1.0

Action                   |  1- 3 |  4- 6 |  7- 9 || total
-------------------------+-------+-------+-------++-------
Melee: Unarmed           |    23 |       |       ||    23
       Constrict         |     6 |    18 |    28 ||    52
       Tentacles         |     3 |     6 |    17 ||    26
       Short sword       |    15 |    91 |   135 ||   241
 Cast: Magic Dart        |    63 |    50 |   149 ||   262
       Blink             |       |       |     7 ||     7
       Call Imp          |       |       |     4 ||     4
       Mephitic Cloud    |       |       |     1 ||     1
  Use: Scroll            |     3 |     4 |     1 ||     8
       Potion            |       |     1 |     6 ||     7
 Stab: Sleeping          |     1 |     5 |     4 ||    10
  Eat: Chunk             |     1 |     7 |       ||     8
       Ration            |       |     2 |     2 ||     4
Armor: Skin              |     4 |     5 |    16 ||    25
Dodge: Dodged            |    45 |    53 |    65 ||   163
